 Dungeon Crawl Stone Soup version 0.19.1-1-g22dce08 (webtiles) character file.

133107 Rrauwl the Severer (level 16, -6/147 HPs)
             Began as a Minotaur Berserker on Jan 14, 2017.
             Was an Elder of Trog.
             Shot with an arrow by a naga sharpshooter (11 damage)
             ... on level 4 of the Snake Pit on Jan 15, 2017.
             The game lasted 03:17:25 (29476 turns).

Rrauwl the Severer (Minotaur Berserker)            Turns: 29476, Time: 03:17:25

Health: -6/147     AC: 18    Str: 26    XL:     16   Next: 59%
Magic:  22/22      EV: 19    Int:  4    God:    Trog [****..]
Gold:   1396       SH: 14    Dex: 18    Spells: 0 memorised, 15 levels left

rFire  + + .     SeeInvis .     d - +9 war axe of Yredelemnul {freeze, +Blink}
rCold  + . .     Gourm    .     n - +2 scale mail {rF+}
rNeg   . . .     Faith    .     K - +1 shield
rPois  +         Spirit   .     (helmet restricted)
rElec  .         Reflect  .     s - +0 cloak
rCorr  .         Harm     .     T - +2 pair of gloves {Dex+3}
MR     +++..                    I - +0 pair of boots
Stlth  ..........               (no amulet)
                                N - ring of protection from cold
                                p - ring of protection from fire

@: about to teleport, regenerating
A: retaliatory headbutt, horns 2, agile 1, poison resistance, wild magic 1,
sturdy frame 1
a: Berserk, Trog's Hand, Brothers in Arms, Burn Spellbooks, Renounce Religion,
Evoke Blink


You were on level 4 of the Snake Pit.
You worshipped Trog.
Trog was greatly pleased with you.
You were hungry.

You visited 3 branches of the dungeon, and saw 23 of its levels.

You collected 1693 gold pieces.
You spent 297 gold pieces at shops.

Inventory:

Hand Weapons
 d - the +9 war axe of Yredelemnul (weapon) {freeze, +Blink}
   (You found it on level 6 of the Dungeon)

   It has been specially enchanted to freeze those struck by it, causing extra
   injury to most foes and up to half again as much damage against particularly
   susceptible opponents.
   It can also slow down cold-blooded creatures.
   It lets you blink.
 v - a +4 morningstar of venom
 B - a +0 dire flail of distortion
 L - a +3 shortbow of freezing
Missiles
 g - 954 arrows
 o - 214 bolts
Armour
 n - a +2 scale mail of fire resistance (worn)
 s - a +0 cloak (worn)
 I - a +0 pair of boots (worn)
 K - a +1 shield (worn)
 T - a +2 pair of gloves of dexterity (worn)
Magical Staves
 E - an uncursed staff of death
Jewellery
 c - an uncursed ring of magical power
 p - a ring of protection from fire (left hand)
 J - an uncursed ring of protection from fire
 N - a ring of protection from cold (right hand)
Wands
 k - a wand of iceblast (3/15)
 l - a wand of teleportation (3/9)
 u - a wand of enslavement (8/24)
 A - a wand of paralysis (10/24)
 D - a wand of polymorph (9/24)
 H - a wand of confusion (29/48)
Scrolls
 a - 2 scrolls of silence
 f - a scroll of blinking
 h - 10 scrolls of identify
 i - 3 scrolls of fog
 j - 8 scrolls of remove curse
 m - a scroll of recharging
 q - a scroll of immolation
 r - 2 scrolls of magic mapping
 z - a scroll of enchant armour
 C - 5 scrolls of enchant weapon
 P - a scroll of vulnerability
 S - 2 scrolls of brand weapon
Potions
 e - 5 potions of curing
 t - a potion of agility
 F - 5 potions of flight
 G - 3 potions of resistance
 O - a potion of brilliance
 Q - a potion of cancellation
 V - 2 potions of mutation
Books
 y - a book of Summonings

   Spells                             Type                      Level
   a - Recall                         Summoning/Translocation      3
   b - Aura of Abjuration             Summoning                    5
   c - Summon Demon                   Summoning                    5
   d - Summon Forest                  Summoning/Translocation      5
   e - Summon Mana Viper              Hexes/Summoning              5
   f - Shadow Creatures               Summoning                    6
   Trog disapproves of the use of such an item.
Miscellaneous
 x - a lamp of fire (inert)
 M - a box of beasts
Comestibles
 b - 12 fruits
 w - 6 slices of pizza


   Skills:
 + Level 14.8 Fighting
 - Level 16.6(17.4) Axes
 - Level 9.5(14.1) Maces & Flails
 - Level 9.1 Bows
 + Level 12.9 Armour
 + Level 12.3 Dodging
 - Level 0.3 Stealth
 + Level 11.5 Shields
 + Level 10.2 Evocations


You had 15 spell levels left.
You didn't know any spells.

Dungeon Overview and Level Annotations

Branches:
Dungeon (13/15)            Temple (0/1) D:6            Lair (6/6) D:9
 Shoals (0/4) Lair:4        Snake (4/4) Lair:3        Slime (0/5) Lair:6
    Orc (0/2) D:10         Vaults (0/5) D:13

Altars:
Ashenzari
Fedhas
Gozag
Hepliaklqana
Nemelex Xobeh
Okawaru
Ru
Sif Muna
Trog
Vehumet
Xom
Yredelemnul
Jiyva

Shops:
D:5 ([%*}   D:9 *   D:11 *   Snake:1 %


Innate Abilities, Weirdness & Mutations

You reflexively headbutt those who attack you in melee.
You have a pair of horns on your head.
You are agile. (Dex +2)
Your system is resistant to poisons. (rPois)
Your spells are a little harder to cast, but a little more powerful.
Your movements are slightly less encumbered by armour. (ER -2)


Message History

The nagaraja casts a spell at you. The poison arrow misses you.
The nagaraja is engulfed in roaring flames.
The nagaraja is engulfed in roaring flames.
The nagaraja casts a spell at you. The orb of energy hits you!
* * * LOW HITPOINT WARNING * * *
You don't know any spells.
Evoke which item? (* to show all) (? for menu, Esc to quit)
Zapping:
l - a wand of teleportation (4/9)
Press: ? - help, Shift-Dir - straight line, f - you You feel strangely unstable.
This wand has 3 charges left.
The nagaraja is engulfed in roaring flames.
The nagaraja gestures at you while chanting.
You block the orb of energy.
The naga sharpshooter is engulfed in roaring flames.
The naga sharpshooter mumbles some strange words.
The naga sharpshooter magically shoots an arrow.
The arrow hits you!
You die...

##.#...##...#...#
######..#..###..###).######
#.......#...##..##.).#.....
#.......#....'..'....######
##....####...'..'...##..#
###...# #####..######..###
#...##### #..###.......#
#....##.###...#.....)..#
####.##@.##.......##...#
#.##...##.....###..##
#..N########### ##[## #..§#
#....## #.).
#..§#####....########
###N).N.#............
##.)N....##########
#.......######....
####N...#......#..


You could see a nagaraja and a naga sharpshooter.

Vanquished Creatures
  Jorgrun (Snake:2)
  5 nagarajas (Snake:4)
  Aizul (Snake:4)
  Snorg (D:11)
  Josephine (Lair:5)
  Harold (Lair:1)
  Erolcha (D:11)
  15 naga warriors
  6 hydras
  A catoblepas (Lair:6)
  5 vault guards (D:13)
  A centaur warrior (D:13)
  A deep troll shaman (Lair:6)
  An ogre mage (D:13)
  5 death yaks
  8 anacondas
  14 naga sharpshooters
  8 shock serpents
  A salamander mystic (Snake:4)
  4 sea snakes (Snake:3)
  A deep elf archer (D:13)
  10 naga ritualists
  3 hill giants
  A lindwurm (Lair:6)
  11 mana vipers
  2 ugly things
  A deep elf mage (D:9)
  A manticore (Lair:4)
  A guardian serpent (Snake:2)
  A cyclops (D:11)
  4 elephants (Lair:6)
  9 salamanders
  27 naga magi
  44 black mambas
  A torpor snail (Lair:5)
  9 spiny frogs
  2 centaur skeletons
  7 komodo dragons
  A yaktaur (D:13)
  The ghost of loom the Cutter, a novice KoBe of Trog (D:4)
  A kobold demonologist (D:11)
  A tengu conjurer (D:13)
  2 meliai (D:13)
  4 trolls
  A polar bear (Lair:4)
  Prince Ribbit (D:5)
  18 blink frogs
  9 hippogriffs
  4 dream sheep (Lair:6)
  Sigmund (D:2)
  A shadow (D:11)
  2 wyverns
  13 yaks
  7 wraiths
  A basilisk (shapeshifter) (D:11)
  4 hogs (D:7)
  2 hungry ghosts
  4 humans
  3 vampire mosquitoes (D:13)
  38 nagas
  7 water moccasins
  4 porcupines
  5 orc warriors
  2 phantoms
  2 ice beasts
  2 black bears (Lair:6)
  An eye of draining (D:12)
  A hornet zombie (D:8)
  4 sky beasts
  6 ogres
  17 wolves
  13 centaurs
  16 crocodiles
  13 bullfrogs
  2 big kobolds
  A gnoll sergeant (D:12)
  A wyvern zombie (D:7)
  A wyvern skeleton (D:9)
  4 scorpions
  5 killer bees (D:13)
  9 wights
  2 howler monkeys
  4 electric eels
  4 lava snakes
  10 crimson imps
  A quasit (D:7)
  9 orc priests
  3 bullfrog zombies
  2 centaur zombies
  6 hounds
  5 jellies
  19 orc wizards
  3 bullfrog skeletons
  4 iguanas
  4 worker ants
  A hound zombie (D:7)
  A hound skeleton (D:6)
  3 gnolls (D:12)
  2 worker ant zombies (D:6)
  13 adders
  3 shadow imps
  3 oozes
  An adder zombie (D:7)
  2 worms (D:2)
  4 leopard geckos
  39 orcs
  5 giant cockroaches
  14 goblins
  9 hobgoblins
  9 jackals
  4 quokkas
  A ball python (D:3)
  3 bats
  5 frilled lizards
  A jackal skeleton (D:5)
  A jackal zombie (D:8)
  16 kobolds
  2 leopard gecko skeletons
  A leopard gecko zombie (D:7)
  A quokka skeleton (D:4)
  14 rats
  11 fungi
  4 plants
700 creatures vanquished.

Vanquished Creatures (collateral kills)
  A nagaraja (Snake:2)
  A naga ritualist (Snake:4)
  A mana viper (Snake:2)
  2 black mambas (Snake:2)
  A naga (Snake:1)
6 creatures vanquished.

Vanquished Creatures (others)
  A guardian serpent (Snake:2)
  2 fungi
  13 plants
16 creatures vanquished.

Grand Total: 722 creatures vanquished

Notes
Turn   | Place    | Note
-------+----------+-------------------------------------------
     0 | D:1      | Rrauwl the Minotaur Berserker began the quest for the Orb.
     0 | D:1      | Reached XP level 1. HP: 19/19 MP: 0/0
    79 | D:1      | Reached skill level 4 in Axes
    87 | D:1      | Reached XP level 2. HP: 18/27 MP: 1/1
   967 | D:2      | Reached XP level 3. HP: 29/34 MP: 2/2
   971 | D:2      | Gained mutation: Your system is resistant to poisons. (rPois) [potion of mutation]
   971 | D:2      | Gained mutation: Your movements are slightly less encumbered by armour. (ER -2) [potion of mutation]
   971 | D:2      | Gained mutation: Your spells are a little harder to cast, but a little more powerful. [potion of mutation]
   974 | D:2      | Noticed Sigmund
   980 | D:2      | Killed Sigmund
   980 | D:2      | Reached skill level 5 in Fighting
   980 | D:2      | Reached skill level 5 in Axes
   980 | D:2      | Reached XP level 4. HP: 42/42 MP: 3/3
   980 | D:2      | Reached XP level 5. HP: 48/48 MP: 4/4
   993 | D:2      | Reached ** piety under Trog
  1166 | D:2      | Found a blossoming altar of Fedhas.
  1601 | D:3      | Reached XP level 6. HP: 42/56 MP: 5/5
  1812 | D:3      | Reached *** piety under Trog
  2039 | D:4      | Reached skill level 6 in Axes
  2092 | D:4      | Noticed loom's ghost (novice KoBe)
  2114 | D:4      | Killed loom's ghost
  2114 | D:4      | Reached skill level 7 in Axes
  2114 | D:4      | Reached XP level 7. HP: 31/66 MP: 6/6
  2341 | D:4      | Received a gift from Trog
  2347 | D:4      | Found a radiant altar of Vehumet.
  2457 | D:4      | Reached skill level 8 in Axes
  2645 | D:4      | Found a deep blue altar of Sif Muna.
  2660 | D:4      | Reached XP level 8. HP: 69/74 MP: 7/7
  2902 | D:4      | Reached skill level 1 in Maces & Flails
  2906 | D:5      | Entered Level 5 of the Dungeon
  2928 | D:5      | Noticed Prince Ribbit
  2979 | D:5      | Killed Prince Ribbit
  3018 | D:5      | Reached skill level 5 in Maces & Flails
  3125 | D:5      | Reached **** piety under Trog
  3228 | D:5      | Found Aqeoxt's Weapon Emporium.
  3257 | D:5      | Bought a +1 broad axe of flaming for 213 gold pieces
  3276 | D:5      | Found Yheupp's Antique Armour Shoppe.
  3277 | D:5      | Found Ibraheg's Assorted Antiques.
  3280 | D:5      | Found Tishouron's Food Shoppe.
  3281 | D:5      | Found Gebariff's Gadget Shoppe.
  3407 | D:5      | Found a shattered altar of Ashenzari.
  3469 | D:5      | Got a translucent short sword
  3470 | D:5      | Identified the +3 short sword "Poeg" {holy, Dex+3} (You found it on level 5 of the Dungeon)
  3815 | D:6      | Found a staircase to the Ecumenical Temple.
  3842 | D:6      | Got a jewelled war axe
  3843 | D:6      | Identified the +9 war axe of Yredelemnul {freeze, +Blink} (You found it on level 6 of the Dungeon)
  4059 | D:6      | Reached skill level 9 in Axes
  4167 | D:6      | Reached XP level 9. HP: 34/81 MP: 8/8
  4413 | D:6      | Reached skill level 10 in Axes
  4597 | D:6      | Found an opulent altar of Gozag.
  4805 | D:6      | Reached skill level 11 in Axes
  5325 | D:7      | Reached skill level 12 in Axes
  5541 | D:7      | Reached skill level 13 in Axes
  5730 | D:7      | Found a shimmering altar of Xom.
  5730 | D:7      | Found a faded altar of an unknown god.
  5738 | D:7      | Found a faded altar of an unknown god.
  5740 | D:7      | Found a faded altar of an unknown god.
  5742 | D:7      | Found an iron altar of Okawaru.
  5872 | D:7      | Reached XP level 10. HP: 88/88 MP: 9/9
  5915 | D:7      | Found an iron altar of Okawaru.
  6308 | D:8      | Reached ***** piety under Trog
  6348 | D:8      | Reached skill level 14 in Axes
  6561 | D:8      | Found a sparkling altar of Nemelex Xobeh.
  6956 | D:9      | Found a hazy altar of Hepliaklqana.
  6956 | D:9      | Found a basalt altar of Yredelemnul.
  7208 | D:9      | Reached skill level 15 in Axes
  7344 | D:9      | Found a staircase to the Lair.
  7368 | D:9      | Gained mutation: You are agile. (Dex +2) [mutagenic meat]
  7606 | D:9      | Found Ihulyo's General Store.
  7611 | D:9      | Bought a scroll of identify for 28 gold pieces
  7611 | D:9      | Bought a scroll of identify for 28 gold pieces
  7611 | D:9      | Bought a scroll of identify for 28 gold pieces
  7652 | D:9      | Noticed a deep elf mage
  7656 | D:9      | Killed a deep elf mage
  7934 | D:9      | Received a gift from Trog
  8109 | Lair:1   | Entered Level 1 of the Lair of Beasts
  8271 | Lair:1   | Reached skill level 16 in Axes
  8282 | Lair:1   | Noticed a spiny frog
  8288 | Lair:1   | Killed a spiny frog
  8485 | Lair:1   | Noticed Harold
  8503 | Lair:1   | Killed Harold
  8503 | Lair:1   | Reached XP level 11. HP: 76/94 MP: 10/10
  9177 | Lair:2   | Got a faintly glowing great mace
  9211 | Lair:2   | Identified the cursed +0 great mace "Elulelaj" {venom, Int+3 Stlth+} (You found it on level 2 of the Lair of Beasts)
  9280 | Lair:2   | Reached skill level 1 in Bows
  9389 | Lair:2   | Reached skill level 1 in Evocations
 10476 | Lair:3   | Reached skill level 5 in Dodging
 10834 | Lair:3   | Reached skill level 5 in Armour
 10835 | Lair:3   | Found a staircase to the Snake Pit.
 11290 | Lair:3   | Noticed an eight-headed hydra
 11305 | Lair:3   | Killed an eight-headed hydra
 11557 | Lair:3   | Received a gift from Trog
 11573 | Lair:3   | Reached XP level 12. HP: 93/106 MP: 13/13
 11915 | Lair:4   | Reached skill level 5 in Bows
 12453 | Lair:4   | Found a staircase to the Shoals.
 13103 | Lair:5   | Reached skill level 10 in Fighting
 13176 | Lair:5   | Noticed a seven-headed hydra
 13186 | Lair:5   | Killed a seven-headed hydra
 13224 | Lair:5   | Received a gift from Trog
 13815 | Lair:5   | Reached skill level 1 in Shields
 13822 | Lair:5   | Noticed Josephine
 13850 | Lair:5   | Killed Josephine
 13893 | Lair:5   | Noticed a death yak
 13900 | Lair:5   | Killed a death yak
 14193 | Lair:6   | Entered Level 6 of the Lair of Beasts
 14278 | Lair:6   | Found a staircase to the Slime Pits.
 14279 | Lair:6   | Found a viscous altar of Jiyva.
 14450 | Lair:6   | Reached skill level 5 in Evocations
 14459 | Lair:6   | Noticed a six-headed hydra
 14473 | Lair:6   | Killed a six-headed hydra
 14700 | Lair:6   | Noticed a six-headed hydra
 14706 | Lair:6   | Killed an eight-headed hydra
 14856 | Lair:6   | Reached XP level 13. HP: 98/114 MP: 15/15
 15484 | Lair:6   | Received a gift from Trog
 15742 | Lair:6   | Reached skill level 5 in Shields
 16319 | D:10     | Entered Level 10 of the Dungeon
 17338 | D:10     | Found a staircase to the Orcish Mines.
 17472 | D:11     | Noticed Erolcha
 17477 | D:11     | Killed Erolcha
 17643 | D:11     | Found a bloodstained altar of Trog.
 17766 | D:11     | Found Gycaynt's Assorted Antiques.
 17916 | D:11     | Noticed Snorg
 17933 | D:11     | Received a gift from Trog
 18139 | D:11     | Killed Snorg
 18306 | D:12     | Received a gift from Trog
 18737 | D:12     | Received a gift from Trog
 19154 | D:13     | Reached XP level 14. HP: 125/125 MP: 18/18
 20324 | D:13     | Found a gate to the Vaults.
 20637 | Snake:1  | Entered Level 1 of the Snake Pit
 20685 | Snake:1  | Received a gift from Trog
 21372 | Snake:1  | Found Quorchana's Food Emporium.
 21896 | Snake:2  | Reached skill level 10 in Armour
 22394 | Snake:2  | Reached skill level 10 in Dodging
 22966 | Snake:2  | Received a gift from Trog
 23007 | Snake:2  | Reached XP level 15. HP: 135/135 MP: 20/20
 23034 | Snake:2  | Noticed Jorgrun
 23074 | Snake:2  | Killed Jorgrun
 23330 | Snake:2  | Noticed a nagaraja
 23346 | Snake:2  | Killed a nagaraja
 25299 | Snake:3  | Received a gift from Trog
 26645 | Snake:3  | Reached skill level 10 in Shields
 26650 | Snake:3  | Received a gift from Trog
 26816 | Snake:4  | Entered Level 4 of the Snake Pit
 27113 | Snake:4  | Found a sacrificial altar of Ru.
 27288 | Snake:4  | Received a gift from Trog
 27480 | Snake:4  | Noticed a nagaraja
 27485 | Snake:4  | Noticed a nagaraja
 27715 | Snake:4  | Killed a nagaraja
 27919 | Snake:4  | Reached XP level 16. HP: 145/146 MP: 22/22
 28024 | Snake:4  | Received a gift from Trog
 28026 | Snake:4  | Noticed Aizul
 28050 | Snake:4  | Killed Aizul
 28918 | Snake:4  | Reached skill level 10 in Evocations
 29475 | Snake:4  | HP: 4/147 [nagaraja/orb of energy (43)]
 29476 | Snake:4  | Shot with an arrow by a naga sharpshooter

Skill      XL: |  1  2  3  4  5  6  7  8  9 10 11 12 13 14 15 16 |
---------------+-------------------------------------------------+-----
Axes           | 4 5 7 8 9 13 16 | 16.6
Fighting       | 4 5 7 8 9 10 11 13 14 | 14.8
Dodging        | 3 4 6 7 8 10 11 12 | 12.3
Armour         | 3 6 7 9 10 12 | 12.9
Maces & Flails | 6 7 9 |  9.5
Bows           | 4 6 8 9 |  9.1
Evocations     | 3 5 6 8 9 10 | 10.2
Shields        | 3 6 8 10 11 | 11.5
Stealth        | |  0.3

Action                   |  1- 3 |  4- 6 |  7- 9 | 10-12 | 13-15 | 16-18 || total
-------------------------+-------+-------+-------+-------+-------+-------++-------
Melee: Hand axe          |    41 |    77 |       |       |       |       ||   118
       Headbutt          |     3 |    16 |    44 |    82 |   250 |    70 ||   465
       War axe           |       |    39 |   147 |   392 |   917 |   206 ||  1701
       Morningstar       |       |       |    48 |    12 |     4 |       ||    64
       Broad axe         |       |       |     8 |       |       |       ||     8
 Fire: Shortbow          |       |       |       |    41 |       |       ||    41
Invok: Berserk           |     1 |     2 |     3 |     6 |    21 |     2 ||    35
       Brothers in Arms  |       |       |       |       |     3 |     3 ||     6
       Trog's Hand       |       |       |       |       |       |     5 ||     5
 Abil: Evoke Blink       |       |       |       |     1 |     1 |       ||     2
Evoke: Wand              |       |       |       |     3 |       |     6 ||     9
       Lamp of fire      |       |       |       |     1 |     1 |     1 ||     3
  Use: Scroll            |     2 |     2 |     9 |    19 |    15 |     2 ||    49
       Potion            |     1 |     1 |     4 |     1 |     6 |     3 ||    16
 Stab: Distracted        |       |     1 |       |       |       |       ||     1
       Sleeping          |       |       |     2 |       |       |       ||     2
  Eat: Chunk             |       |     5 |    13 |    17 |    21 |       ||    56
       Royal jelly       |       |       |     1 |     3 |     1 |       ||     5
       Pizza             |       |       |     1 |       |     2 |     2 ||     5
       Fruit             |       |       |       |     7 |     6 |     4 ||    17
       Beef jerky        |       |       |       |     2 |     1 |       ||     3
       Bread ration      |       |       |       |     1 |     3 |       ||     4
       Meat ration       |       |       |       |       |     4 |       ||     4
Armor: Animal skin       |     2 |    15 |    22 |     1 |       |       ||    40
       Scale mail        |       |       |       |    90 |   141 |    43 ||   274
Dodge: Dodged            |    25 |    57 |    94 |   161 |   293 |    73 ||   703
Block: Shield            |       |       |       |    20 |   368 |   144 ||   532
